 Dungeon Crawl Stone Soup version 0.27-a0-396-g03f4e8edb7 (webtiles) character file.

Game seed: 15698693132812335772

884 Morbidden the Conjurer (level 7, -12/56 HPs)
             Began as a Demigod Conjurer on Feb 21, 2021.
             Mangled by Duvessa
             ... wielding a +0 rapier
              (18 damage)
             ... on level 4 of the Dungeon.
             The game lasted 00:07:14 (5165 turns).

Morbidden the Conjurer (Demigod Conjurer)           Turns: 5165, Time: 00:07:14

Health: -12/56     AC:  5    Str:  8    XL:     7   Next: 47%
Magic:  9/16       EV: 10    Int: 28    God:
Gold:   214        SH:  0    Dex: 12    Spells: 7/14 levels left

rFire    . . .     SeeInvis .   n - +2 short sword (drain)
rCold    . . .     Faith    .   (no shield)
rNeg     + . .     Spirit   .   r - +0 ring mail
rPois    .         Reflect  .   (no helmet)
rElec    .         Harm     .   (no cloak)
rCorr    .         Rampage  .   (no gloves)
Will     .....                  (no boots)
Stlth    +.........             q - amulet of magic regeneration
HPRegen  0.18/turn              g - ring of positive energy
MPRegen  0.40/turn              (no ring)

@: no status effects
A: high mp 1
a: no special abilities


You were on level 4 of the Dungeon.
You visited 1 branch of the dungeon, and saw 4 of its levels.

You collected 214 gold pieces.

Inventory:

Hand Weapons
 n - a +2 short sword of draining (weapon)
Armour
 r - a +0 ring mail (worn)
Jewellery
 a - an amulet of regeneration
 g - a ring of positive energy (left hand)
 q - an amulet of magic regeneration (around neck)
Wands
 p - a wand of paralysis (9)
Scrolls
 b - 2 scrolls of teleportation {unknown}
 c - 5 scrolls of identify {unknown}
 d - a scroll of fear {unknown}
 e - 2 scrolls of immolation {unknown}
 j - 3 scrolls of magic mapping {unknown}
 k - a scroll of enchant weapon {unknown}
Potions
 f - a potion of lignification
 h - a potion of heal wounds {unknown}
 i - a potion of degeneration {unknown}
 l - a potion of curing {unknown}
 m - a potion of haste {unknown}
 o - a potion of cancellation {unknown}


   Skills:
 * Level 2.6 Fighting
 + Level 1.6 Armour
 * Level 3.1 Dodging
 + Level 2.8 Stealth
 * Level 4.0 Spellcasting
 * Level 5.9 Conjurations
 * Level 1.2 Translocations


You had 7 spell levels left.
You knew the following spells:

 Your Spells              Type           Power        Failure   Level
a - Magic Dart            Conj           100%         1%          1
b - Searing Ray           Conj           78%          3%          2
c - Iskenderun's Mystic   Conj/Tloc      25%          45%         4

Your spell library contained the following spells:

 Spells                   Type           Power        Failure   Level
 Dazzling Flash           Conj/Hex       44%          19%         3
 Fulminant Prism          Conj/Hex       11%          54%         4


Dungeon Overview and Level Annotations

Branches:
Dungeon (4/15)
 Temple: D:4-7

Annotations:
D:4 Duvessa


Innate Abilities, Weirdness & Mutations

You have an increased reservoir of magic. (+10% MP)


Message History

Casting: Searing Ray (safe; 3% risk of failure)
Confirm with . or Enter, or press ? or * to list all spells.
Aiming: Searing Ray (safe; 3% risk of failure)
Press: ? - help, Shift-Dir - straight line, f/p - Dowan
Aim: Dowan, wielding a +0 dagger and wearing a +0 robe (severely wounded, 27% to evade)
The searing ray hits Dowan!
You kill Dowan!
Duvessa screams, "No!
How DARE you!"
Duvessa goes berserk! (Press . to maintain the ray.) Duvessa hits you with a +0 rapier!
Your Spellcasting skill increases to level 4!
Unknown command.
Unknown command.
Casting: Searing Ray (safe; 3% risk of failure)
Confirm with . or Enter, or press ? or * to list all spells.
Aiming: Searing Ray (safe; 3% risk of failure)
Press: ? - help, Shift-Dir - straight line, f - Duvessa
Aim: Duvessa, wielding a +0 rapier and wearing a +0 ring mail (heavily wounded, berserk, 14% to evade)
The searing ray hits Duvessa!
Duvessa is heavily wounded. (Press . to maintain the ray.) Duvessa hits you with a +0 rapier!
Unknown command.
Unknown command.
The searing ray hits Duvessa.
Duvessa is severely wounded.
Duvessa hits you with a +0 rapier. Duvessa hits you with a +0 rapier!!
* * * LOW HITPOINT WARNING * * *
Unknown command.
The searing ray hits Duvessa.
Duvessa is severely wounded.
Duvessa barely misses you.
Unknown command.
The searing ray hits Duvessa.
Duvessa is severely wounded.
You finish channeling your searing ray.
Duvessa hits you with a +0 rapier!
* * * LOW HITPOINT WARNING * * *
Duvessa hits you with a +0 rapier!!
You die...

######### ........#
#.#######.##########
#...>.e@)..........#
####'########.####.#
... #.# #.## .....
#.####..### #......
#.).......# #.....?
#######...# ######+
#.......# #.####.##
#..#


You could see Duvessa (berserk).

Vanquished Creatures
  Grinder (D:3)
  Sigmund (D:2)
  A scorpion (D:3)
  Dowan (D:4)
  3 orc priests
  A bullfrog skeleton (D:4)
  A centaur skeleton (D:4)
  Ijyb (D:3)
  Natasha (twice) (D:3)
  Terence (D:2)
  7 gnolls
  3 adders
  3 worms
  2 dart slugs (D:1)
  2 leopard geckos
  13 orcs
  A ball python (D:3)
  8 bats
  3 giant cockroaches
  12 goblins
  5 hobgoblins
  4 jackals (D:2)
  4 quokkas
  6 frilled lizards
  4 kobolds
  7 rats
97 creatures vanquished.

Notes
Turn   | Place    | Note
-------+----------+-------------------------------------------
     0 | D:1      | Morbidden the Demigod Conjurer began the quest for the Orb.
     0 | D:1      | Reached XP level 1. HP: 14/14 MP: 5/5
   265 | D:1      | Reached skill level 4 in Conjurations
   281 | D:1      | Reached XP level 2. HP: 20/20 MP: 4/7
   602 | D:1      | Learned a level 2 spell: Searing Ray
  1217 | D:2      | Found a blossoming altar of Fedhas.
  1234 | D:2      | Reached XP level 3. HP: 27/27 MP: 3/8
  1533 | D:2      | Found a sacrificial altar of Ru.
  1826 | D:2      | Noticed an ice beast
  1979 | D:2      | Noticed Terence
  1999 | D:2      | Killed Terence
  2000 | D:2      | Reached XP level 4. HP: 34/34 MP: 4/9
  2169 | D:2      | Reached skill level 1 in Fighting
  2252 | D:2      | Noticed Sigmund
  2719 | D:2      | Found a sacrificial altar of Ru.
  2770 | D:2      | Found a blossoming altar of Fedhas.
  2903 | D:2      | Killed Sigmund
  2904 | D:2      | Reached skill level 5 in Conjurations
  2904 | D:2      | Reached XP level 5. HP: 40/40 MP: 5/11
  3595 | D:3      | Reached XP level 6. HP: 47/47 MP: 3/13
  3600 | D:3      | Noticed Ijyb
  3790 | D:3      | Found an iron altar of Okawaru.
  3953 | D:3      | Killed Ijyb
  4110 | D:3      | Learned a level 4 spell: Iskenderun's Mystic Blast
  4164 | D:3      | Noticed Grinder
  4187 | D:3      | Paralysed by Grinder for 5 turns
  4192 | D:3      | Killed Grinder
  4193 | D:3      | Reached skill level 1 in Armour
  4357 | D:3      | Reached XP level 7. HP: 56/56 MP: 2/15
  4470 | D:3      | Noticed Natasha
  4476 | D:3      | Killed Natasha
  4667 | D:3      | Noticed Natasha
  4669 | D:3      | Killed Natasha
  4672 | D:3      | Reached skill level 1 in Translocations
  4871 | D:4      | Found a stormy altar of Qazlal.
  4883 | D:4      | Found a basalt altar of Yredelemnul.
  5153 | D:4      | Noticed Duvessa
  5153 | D:4      | Noticed Dowan
  5161 | D:4      | Killed Dowan
  5165 | D:4      | Mangled by Duvessa

Illustrated notes

Levels and vault maps discovered:
D:1:      shiori_arrival_maze, layout_basic, st_stairs_6
D:2:      layout_loops_corners, fedhas_ov_isle_minmay,
          overflow_temple_1_default, lightli_corner_chamber, uniq_sigmund,
          uniq_terence
D:3:      layout_rooms, okawaru_trees_1, uniq_ijyb, uniq_natasha, uniq_grinder
D:4:      layout_basic, nicolae_overflow_crystal_walls,
          yredelemnul_altar_generic, lemuel_doored_altar, elyvilon_altar_3,
          uniq_duvessa

Skill      XL: |  1  2  3  4  5  6  7 |
---------------+----------------------+-----
Dodging        | 2 3 |  3.1
Conjurations   | 4 5 |  5.9
Spellcasting   | 2 3 4 |  4.0
Fighting       | 1 2 |  2.6
Stealth        | 2 |  2.8
Armour         | 1 |  1.6
Translocations | 1 |  1.2

Action                   |  1- 3 |  4- 6 |  7- 9 || total
-------------------------+-------+-------+-------++-------
Melee: Short sword       |       |     8 |       ||     8
 Cast: Magic Dart        |    83 |    58 |    21 ||   162
       Searing Ray       |     3 |    13 |    15 ||    31
  Use: Potion            |       |     2 |       ||     2
Armor: Skin              |       |     3 |       ||     3
       Ring mail         |       |       |     3 ||     3
Dodge: Dodged            |     3 |     6 |    11 ||    20

Table legend: (Time is in decaauts)
 A = Elapsed time spent in this place.
 B = Non-inter-level travel time spent in this place.
 C = Inter-level travel time spent in this place.
 D = Time resting spent in this place.
 E = Time spent auto-exploring this place.
 F = Levels seen in this place.
 G = Mean time per level.
                   A        B        C        D        E       F      G
               +--------+--------+--------+--------+--------+-----+--------+
         Total |   5167 |   4995 |    172 |    272 |   4147 |   4 | 1291.8 |
       Dungeon |   5167 |   4995 |    172 |    272 |   4147 |   4 | 1291.8 |
               +--------+--------+--------+--------+--------+-----+--------+

Top non-repeatable levels by time:
     D:2: 2561 daAuts
     D:1: 1201 daAuts
     D:3: 1009 daAuts
     D:4: 395 daAuts
